 Dungeon Crawl Stone Soup version 0.32-a0-673-g3729bd50f8 (webtiles) character file.

Game seed: 6816324694801308154

2 BeKind the Caller (level 1, 0/11 HPs)
             Began as an Octopode Summoner on Mar 11, 2024.
             Constricted to death by a ball python (2 damage)
             ... on level 1 of the Dungeon.
             The game lasted 00:00:18 (115 turns).

BeKind the Caller (Octopode Summoner)                Turns: 115, Time: 00:00:18

Health: 0/11       AC:  1    Str:  7    XL:     1   Next: 30%
Magic:  1/3        EV:  3    Int: 17    God:
Gold:   13         SH:  0    Dex: 12    Spells: 3/4 levels left

rFire   . . .        (no weapon)
rCold   + . .        (no shield)
rNeg    . . .        (helmet restricted)
rPois   .            (no amulet)
rElec   .            b - ring of protection from cold
rCorr   .            (no ring)
SInv    .            (no ring)
Will    .....        (no ring)
Stlth   +++          (no ring)
HPRegen 0.21/turn    (no ring)
MPRegen 0.08/turn    (no ring)
                     (no ring)

%: no passive effects
@: very slightly contaminated, constricted
A: almost no armour, amphibious, 8 rings, camouflage 1, gelatinous body 1,
(nimble swimmer 1), tentacles
a: no special abilities


You were on level 1 of the Dungeon.
You visited 1 branch of the dungeon, and saw 1 of its levels.

You collected 13 gold pieces.

Inventory:

Jewellery
 b - a ring of protection from cold (left tentacle)
Potions
 a - a potion of magic


   Skills:
 + Level 2.0 Dodging
 + Level 2.7 Stealth
 + Level 2.0 Spellcasting
 + Level 4.0 Summonings


You had 3 spell levels left.
You knew the following spells:

 Your Spells              Type           Power      Damage    Failure   Level
a - Summon Small Mammal   Summ           60%        N/A       3%          1

Your spell library contained the following spells:

 Spells                   Type           Power      Damage    Failure   Level
 Call Imp                 Summ           30%        N/A       5%          2
 Call Canine Familiar     Summ           15%        N/A       11%         3
 Summon Blazeheart Golem  Fire/Summ      8%         N/A       63%         4
 Summon Lightning Spire   Summ/Air       8%         N/A       63%         4


Dungeon Overview and Level Annotations

Branches:
Dungeon (1/15)

Altars:


Innate Abilities, Weirdness & Mutations

You cannot wear most types of armour.
You are amphibious.
You can wear up to eight rings at the same time.
Your skin changes colour to match your surroundings (Stealth+).
Your rubbery body absorbs attacks. (AC +1, EV +1)
((You are camouflaged when in or above water. (Stealth+)))
You have tentacles for arms and can constrict up to eight enemies at once.


Message History

The helpless bat fails to defend itself.
You tentacle-slap the bat. Your grab misses the bat.
The bat is moderately wounded.
The bat barely misses you. The bat barely misses your bat.
Your bat hits the bat but does no damage.
You swap places.
The bat hits you. x2
You closely miss the bat. Your grab misses the bat.
The bat is moderately wounded.
The bat hits you. The bat hits you but does no damage.
You tentacle-slap the bat.
You kill the bat!
Your quokka disappears in a puff of smoke!
You now have 13 gold pieces.
You see here a bat corpse.
Your bat disappears in a puff of smoke!
A ball python comes into view.
A ball python is nearby!
Found 5 gold pieces.
The ball python bites you. The ball python grabs you.
The ball python constricts you. The ball python bites you.
The ball python constricts you.
You are too injured to fight recklessly!
You are too injured to fight recklessly!
You are too injured to fight recklessly!
You are too injured to fight recklessly!
You are too injured to fight recklessly!
You are too injured to fight recklessly!
You are too injured to fight recklessly!
Casting: Summon Small Mammal (safe; 3% risk of failure)
Confirm with . or Enter, or press ? or * to list all spells.
You miscast Summon Small Mammal.
You are very lightly contaminated with residual magic.
Nothing appears to happen.
The ball python bites you.
* * * LOW HITPOINT WARNING * * *
The ball python constricts you.
* * * LOW HITPOINT WARNING * * *
Casting: Summon Small Mammal (safe; 3% risk of failure)
Confirm with . or Enter, or press ? or * to list all spells.
The ball python bites you but does no damage.
The ball python constricts you.
You die...

##### ....###
###...#############
.†.................
##########..###### #
##...# ####### ###.## $
#.....# #..#####....
#.....# ##..@Sr.....
......########..........
..##.................#..
........######.......#
.######....>..########
.######''###..#
.##~~.......ß..
.#~~..~~~~~~.#.
##~..~~...~~~#


You could see a ball python (ally target) and a friendly rat (summoned).

Vanquished Creatures
  A bat (D:1)
1 creature vanquished.

Vanquished Creatures (collateral kills)
  An endoplasm (D:1)
1 creature vanquished.

Grand Total: 2 creatures vanquished

Notes
Turn   | Place    | Note
-------+----------+-------------------------------------------
     0 | D:1      | BeKind the Octopode Summoner began the quest for the Orb.
     0 | D:1      | Reached XP level 1. HP: 11/11 MP: 3/3
   115 | D:1      | Constricted to death by a ball python

Illustrated notes

Levels and vault maps discovered:
D:1:      psy_arrival_whirlpool, layout_rooms

Action                     || total
---------------------------++-------
  Melee: Unarmed           ||     6
         Punch             ||     1
         Tentacles         ||     1
   Cast: Summon Small Mamm ||     5
   Stab: Sleeping          ||     2
 Armour: Skin              ||    13
  Dodge: Dodged            ||     3

Table legend: (Time is in decaauts)
 A = Elapsed time spent in this place.
 B = Non-inter-level travel time spent in this place.
 C = Inter-level travel time spent in this place.
 D = Time resting spent in this place.
 E = Time spent auto-exploring this place.
 F = Levels seen in this place.
 G = Mean time per level.
                   A        B        C        D        E       F      G
               +--------+--------+--------+--------+--------+-----+--------+
         Total |    114 |    114 |      0 |      0 |     84 |   1 |  114.0 |
       Dungeon |    114 |    114 |      0 |      0 |     84 |   1 |  114.0 |
               +--------+--------+--------+--------+--------+-----+--------+

Top non-repeatable levels by time:
     D:1: 114 daAuts
